 Dungeon Crawl Stone Soup version 0.29.1-2-gbd0b4ee654 (webtiles) character file.

Game seed: 1923422653130623183

34 jamestheduck25 the Sneak (level 3, 16/16 HPs)
             Began as a Vine Stalker Enchanter on Nov 15, 2022.
             Quit the game on level 1 of the Dungeon.
             The game lasted 00:01:55 (1289 turns).

jamestheduck25 the Sneak (Vine Stalker Enchanter)   Turns: 1289, Time: 00:01:55

Health: 16/16      AC:  2    Str: 10    XL:     3   Next: 31%
Magic:  7/7        EV: 12    Int: 15    God:
Gold:   27         SH:  0    Dex: 16    Spells: 7/7 levels left

rFire   . . .      SeeInvis .   a - +1 dagger
rCold   . . .      Faith    .   (no shield)
rNeg    . . .      Spirit   +   b - +0 robe
rPois   .          Reflect  .   (no helmet)
rElec   .          Harm     .   (no cloak)
rCorr   .          Rampage  .   (no gloves)
Will    .....                   (no boots)
Stlth   +++.......              (no amulet)
HPRegen 0.05/turn               (no ring)
MPRegen 0.10/turn               (no ring)

@: no status effects
A: fangs 2, magic shield, antimagic bite, no potion heal 2
a: no special abilities


You were on level 1 of the Dungeon.
You visited 1 branch of the dungeon, and saw 1 of its levels.

You collected 27 gold pieces.

Inventory:

Hand Weapons
 a - a +1 dagger (weapon)
Armour
 b - a +0 robe (worn)
Jewellery
 g - a +4 ring of evasion
 l - a ring of magical power
Scrolls
 k - a scroll of fog {unknown}
Potions
 c - 2 potions of invisibility
 d - a potion of lignification {unknown}
 f - a potion of curing {unknown}
 h - a potion of attraction {unknown}
 i - a potion of might {unknown}
 j - 2 potions of mutation {unknown}
 m - a potion of magic {unknown}
 n - a potion of flight {unknown}


   Skills:
 + Level 1.3 Short Blades
 + Level 1.9 Dodging
 + Level 4.1 Stealth
 + Level 2.5 Spellcasting
 + Level 3.2 Hexes


You had 7 spell levels left.
You didn't know any spells.
Your spell library contained the following spells:

 Spells                   Type           Power      Damage    Failure   Level
 Ensorcelled Hibernation  Hex/Ice        12%        N/A       16%         2
 Confusing Touch          Hex            11%        N/A       16%         3
 Tukima's Dance           Hex            11%        N/A       16%         3
 Dazzling Flash           Conj/Hex       12%        N/A       32%         3


Dungeon Overview and Level Annotations

Branches:
Dungeon (1/15)

Altars:


Innate Abilities, Weirdness & Mutations

You have extremely sharp teeth.
When hurt, damage is shared between your health and your magic reserves.
Your bite disrupts and absorbs the magic of your enemies.
Potions cannot restore your health.


Message History

You see here a frilled lizard corpse.
Partly explored, can't reach some items.
No target in view!
Partly explored, can't reach some items.
No target in view!
Partly explored, can't reach some items.
No target in view!
Partly explored, can't reach some items.
No target in view!
Partly explored, can't reach some items.
No target in view!
Partly explored, can't reach some items.
No target in view!
Partly explored, can't reach some items.
Partly explored, can't reach some items.
No target in view!
Partly explored, can't reach some items.
No target in view!
Partly explored, can't reach some items.
No target in view!
Partly explored, can't reach some items.
No target in view!
Partly explored, can't reach some items.
No target in view!
Partly explored, can't reach some items.
No target in view!
The air fills with toxic fumes!
As you read the scroll labelled VOIR WISKAVURR, it crumbles to dust.
It was a scroll of poison.
Really stalk into that cloud of poison gas? [Y]es or [N]o only, please.
Really stalk into that cloud of poison gas?
Okay, then.
Really stalk into that cloud of poison gas? [Y]es or [N]o only, please.
Really stalk into that cloud of poison gas? [Y]es or [N]o only, please.
Really stalk into that cloud of poison gas?
Okay, then.
Are you sure you want to abandon this character and quit the game? (Confirm with "yes".)

# #.# # ###.# # #...# #
#.### # #.# #####.#
......# ####..## ########
.......#####§§§§@§#
#.##.#...§§§§####§#
#.##.#.#####.####§#
................#§########
#.###..##..#.##..§§......#
#..........#.##..§######.#
#####............§# #.#
#......######## #.#
###.###### ####.###


There were no monsters in sight!

Vanquished Creatures
  3 endoplasms (D:1)
  3 giant cockroaches (D:1)
  4 goblins (D:1)
  A hobgoblin (D:1)
  3 jackals (D:1)
  A kobold (D:1)
  3 quokkas (D:1)
  4 ball pythons (D:1)
  2 bats (D:1)
  3 frilled lizards (D:1)
  3 rats (D:1)
30 creatures vanquished.

Notes
Turn   | Place    | Note
-------+----------+-------------------------------------------
     0 | D:1      | jamestheduck25 the Vine Stalker Enchanter began the quest
                  | for the Orb.
     0 | D:1      | Reached XP level 1. HP: 9/9 MP: 4/4
    98 | D:1      | Reached skill level 1 in Short Blades
   448 | D:1      | Reached XP level 2. HP: 7/13 MP: 3/6
   809 | D:1      | Reached skill level 4 in Stealth
  1007 | D:1      | Reached XP level 3. HP: 16/16 MP: 7/7
  1289 | D:1      | Quit the game

Illustrated notes

Levels and vault maps discovered:
D:1:      grunt_arrival_lava_bath, layout_loops_cross

Skill      XL: |  1  2 |
---------------+-------+-----
Short Blades   | 1 |  1.3
Stealth        | 4 |  4.1
Dodging        | |  1.9
Spellcasting   | |  2.5
Hexes          | |  3.2

Action                   || total
-------------------------++-------
Melee: Dagger            ||    56
       Bite              ||     9
  Use: Scroll            ||     1
 Stab: Sleeping          ||    13
Armor: Robe              ||     6
Dodge: Dodged            ||    26
